 Dungeon Crawl Stone Soup version 0.27.1-33-g824d729ab1 (webtiles) character file.

Game seed: 7743794394334070528

263 lonewolfV2 the Covered (level 5, -10/70 HPs)
             Began as a Minotaur Fighter on Dec 14, 2021.
             Was an Initiate of Elyvilon.
             Mangled by a skeletal warrior (27 damage)
             ... on level 7 of the Dungeon.
             The game lasted 00:07:37 (2993 turns).

lonewolfV2 the Covered (Minotaur Fighter)           Turns: 2993, Time: 00:07:37

Health: -10/70     AC:  7    Str: 22    XL:     5   Next: 98%
Magic:  4/4        EV:  8    Int:  5    God:    Elyvilon [......]
Gold:   195        SH:  9    Dex:  9    Spells: 4/4 levels left

rFire    + . .     SeeInvis .   i - +4 flail
rCold    . . .     Faith    .   c - +0 kite shield
rNeg     . . .     Spirit   .   b - +0 scale mail
rPois    .         Reflect  .   (helmet restricted)
rElec    .         Harm     .   (no cloak)
rCorr    .         Rampage  .   (no gloves)
Will     .....                  (no boots)
Stlth    ..........             (no amulet)
HPRegen  0.21/turn              m - ring of protection from fire
MPRegen  0.09/turn              (no ring)

@: berserking (expiring), slowed
A: horns 2, retaliatory headbutt
a: Renounce Religion


You were on level 7 of the Dungeon.
You worshipped Elyvilon.
Elyvilon was noncommittal.
You visited 1 branch of the dungeon, and saw 5 of its levels.

You collected 195 gold pieces.

Inventory:

Hand Weapons
 a - a +0 long sword
 h - a +1 dagger of venom
 i - a +4 flail (weapon)
Armour
 b - a +0 scale mail (worn)
 c - a +0 kite shield (worn)
Jewellery
 m - a ring of protection from fire (left hand)
Scrolls
 l - a scroll of enchant weapon
Potions
 d - a potion of might
 g - a potion of magic
 j - a potion of heal wounds
 k - a potion of degeneration {unknown}


   Skills:
 + Level 4.5 Fighting
 + Level 1.2(2.8) Short Blades
 + Level 4.3(4.4) Long Blades
 + Level 0.4 Maces & Flails
 + Level 5.1 Armour
 + Level 1.3 Dodging
 + Level 0.1 Stealth
 + Level 4.8 Shields


You had 4 spell levels left.
You didn't know any spells.
Your spell library was empty.

Dungeon Overview and Level Annotations

Branches:
Dungeon (7/15)
 Temple: D:4-7

Altars:
Elyvilon
Makhleb

Shops:
D:1 :


Innate Abilities, Weirdness & Mutations

You have a pair of horns on your head.
You reflexively headbutt those who attack you in melee.


Message History

A skeletal warrior comes into view. It is wielding a +0 scimitar.
The ogre hits you with a +0 giant club!
* * * LOW HITPOINT WARNING * * *
You feel better.
A five-headed hydra comes into view.
The ogre closely misses you.
A red film seems to cover your vision as you go berserk!
You feel yourself moving faster!
You feel mighty!
The five-headed hydra roars!
You completely miss the ogre. You headbutt the ogre.
You kill the ogre!
Something hits you.
A wraith comes into view.
Your base Short Blades skill increases to level 1!
Your Armour skill increases to level 5!
Your Dodging skill increases to level 1!
You hit the wraith. Your headbutt misses the wraith.
The wraith is lightly damaged.
You block the wraith's attack.
A hound comes into view.
You barely miss the wraith.
The hound barks!
Your headbutt misses the wraith.
The wraith is lightly damaged.
You block the wraith's attack.
You bludgeon the wraith!! Your headbutt misses the wraith.
The wraith is severely damaged.
A scorpion comes into view.
The wraith hits you but does no damage. The wraith hits you!
* * * LOW HITPOINT WARNING * * *
The wraith drains your vigour!
You feel yourself slow down.
The scorpion moves out of view.
You closely miss the wraith. You headbutt the wraith!
The wraith is almost destroyed.
The wraith hits you.
* * * LOW HITPOINT WARNING * * *
You hit the wraith.
You destroy the wraith!
The skeletal warrior hits you with a +0 scimitar!!
You die... .. # ##.# ## ... .## # #.. ..# ##. #gD

..# #..###{. # ..#
#.#.... #z###.#.# ..#
#....$###@.....# ..#
#.# #.#.....#.# ..#
#..##..###..#
..########..#..##..##
#........##$...#..##
########..##.....# >
##..###.###....
##)...........
###..........


You could see a five-headed hydra, a skeletal warrior and a gnoll sergeant.

Vanquished Creatures
  A wraith (D:7)
  An ogre (D:7)
  Terence (D:2)
  A howler monkey zombie (D:7)
  4 adders
  2 worms
  5 dart slugs
  5 orcs
  3 ball pythons
  2 bat zombies (D:1)
  6 endoplasms
  5 giant cockroaches
  5 goblins
  4 hobgoblins
  6 jackals (D:2)
  8 kobolds
  5 quokkas
  9 bats
  2 frilled lizards (D:3)
  A quokka skeleton (D:4)
  5 rats
81 creatures vanquished.

Notes
Turn   | Place    | Note
-------+----------+-------------------------------------------
     0 | D:1      | lonewolfV2 the Minotaur Fighter began the quest for the
                  | Orb.
     0 | D:1      | Reached XP level 1. HP: 19/19 MP: 0/0
   223 | D:1      | Reached XP level 2. HP: 24/27 MP: 1/1
   324 | D:1      | Reached skill level 4 in Armour
   462 | D:1      | Found Roonem's Book Emporium.
   961 | D:2      | Reached XP level 3. HP: 25/33 MP: 2/2
  1544 | D:2      | Reached XP level 4. HP: 40/40 MP: 3/3
  1695 | D:2      | Noticed Terence
  1704 | D:2      | Killed Terence
  2167 | D:3      | Found a faded altar of an unknown god.
  2500 | D:3      | Found a white marble altar of Elyvilon.
  2512 | D:3      | Reached XP level 5. HP: 47/47 MP: 4/4
  2529 | D:3      | Became a worshipper of Elyvilon the Healer
  2581 | D:3      | Found a burning altar of Makhleb.
  2915 | D:4      | You fall into a shaft and drop 3 floors!
  2981 | D:7      | Noticed an ogre
  2982 | D:7      | Noticed a shadow
  2982 | D:7      | Noticed a wraith
  2985 | D:7      | Noticed a skeletal warrior
  2986 | D:7      | Noticed a five-headed hydra
  2988 | D:7      | Killed an ogre
  2988 | D:7      | Noticed a wraith
  2989 | D:7      | Reached skill level 1 in Short Blades
  2989 | D:7      | Reached skill level 5 in Armour
  2989 | D:7      | Reached skill level 1 in Dodging
  2993 | D:7      | Killed a wraith
  2993 | D:7      | Mangled by a skeletal warrior

Illustrated notes

Levels and vault maps discovered:
D:1:      saegor_arrival_fortress, layout_basic, serial_shops,
          nicolae_shop_waterfront
D:2:      layout_rooms, st_stairs_10, uniq_terence
D:3:      layout_rooms, mainiacjoe_overflow_small_starburst,
          mainiacjoe_overflow_brackets, basic_ecumenical_altar
D:4:      layout_basic, vehumet_statue, serial_shops, kennysheep_little_box
D:7:      minmay_the_grid_octo_tiled_squarecenter [minmay_the_grid_octo_focus,
          minmay_the_grid_octo_pinwheel, minmay_the_grid_octo_teeth,
          minmay_the_grid_octo_77, minmay_the_grid_square_5x5_megaprize_open,
          minmay_the_grid_square_5x5_checkered, minmay_the_grid_square_5x5_c,
          minmay_the_grid_square_5x5_two_walls_a,
          minmay_the_grid_square_5x5_pentomino_r], layout_rooms, kennysheep_mini

Skill      XL: |  1  2  3  4  5 |
---------------+----------------+-----
Armour         | 4 5 |  5.1
Long Blades    | 3 4 |  4.3
Fighting       | 4 |  4.5
Shields        | 4 |  4.8
Short Blades   | 1 |  1.2
Dodging        | 1 |  1.3
Maces & Flails | |  0.4
Stealth        | |  0.1

Action                   |  1- 3 |  4- 6 || total
-------------------------+-------+-------++-------
Melee: Long sword        |    89 |    28 ||   117
       Headbutt          |    12 |    20 ||    32
       Dagger            |       |    79 ||    79
       Flail             |       |     9 ||     9
  Use: Scroll            |     2 |     4 ||     6
       Potion            |       |     2 ||     2
Armor: Scale mail        |    62 |    58 ||   120
Dodge: Dodged            |    29 |    32 ||    61
Block: Kite shield       |    63 |    74 ||   137
       Rpst.: Long sword |     4 |     2 ||     6
